 Dungeon Crawl Stone Soup version 0.31-a0-229-g1fc7ce93e2 (webtiles) character file.

Game seed: 4078988390576629514

235 qw the Shooter (level 5, -4/45 HPs)
             Began as a Minotaur Hexslinger on July 6, 2023.
             Slain by Menkaure (9 damage)
             ... on level 4 of the Dungeon.
             The game lasted 00:01:00 (2253 turns).

qw the Shooter (Minotaur Hexslinger)                Turns: 2253, Time: 00:01:01

Health: -4/45      AC:  9    Str: 13    XL:     5   Next: 76%
Magic:  5/5        EV: 12    Int: 10    God:
Gold:   240        SH:  5    Dex: 14    Spells: 5/6 levels left

rFire   . . .        Y - +1 sling
rCold   + . .        (no shield)
rNeg    . . .        e - +2 leather armour {rC+}
rPois   .            k - +2 hat
rElec   .            (no cloak)
rCorr   .            (no gloves)
SInv    .            b - +1 pair of boots
Will    .....        f - amulet of reflection
Stlth   +            (no ring)
HPRegen 0.27/turn    (no ring)
MPRegen 0.09/turn

%: reflection
@: mighty, brilliant, about to teleport
A: horns 2, retaliatory headbutt
a: no special abilities


You were on level 4 of the Dungeon.
You visited 1 branch of the dungeon, and saw 4 of its levels.

You collected 240 gold pieces.


Innate Abilities, Weirdness & Mutations

You have a pair of horns on your head.
You reflexively headbutt those who attack you in melee.


   Skills:
 + Level 3.0 Fighting
 - Level 6.0 Ranged Weapons
 - Level 1.2 Armour
 - Level 2.1 Dodging
 - Level 1.0 Spellcasting
 - Level 2.0 Hexes


You had 5 spell levels left.
You knew the following spells:

 Your Spells              Type           Power      Damage    Failure   Level
a - Slow                  Hex            24%        N/A       19%         1

Your spell library contained the following spells:

 Spells                   Type           Power      Damage    Failure   Level
 Inner Flame              Hex/Fire       3%         N/A       65%         3
 Portal Projectile        Hex/Tloc       6%         N/A       65%         3
 Cause Fear               Hex            3%         N/A       88%         4

Inventory:

Hand Weapons
 Y - a +1 sling (weapon)
Armour
 b - a +1 pair of boots (worn)
 e - a +2 leather armour of cold resistance (worn)
 k - a +2 hat (worn)
Jewellery
 f - an amulet of reflection (around neck)
Potions
 a - a potion of might
 g - a potion of berserk rage {unknown}
 h - a potion of magic {unknown}
 i - a potion of mutation {unknown}

Dungeon Overview and Level Annotations

Branches:
Dungeon (4/15)
 Temple: D:4-7

Altars:

Annotations:
D:4 Menkaure


Message History

Menkaure shouts!
The hobgoblin shouts!
You shoot a sling bullet. The sling bullet hits the hobgoblin!
You kill the hobgoblin!
You shoot a sling bullet.
The sling bullet hits Menkaure but does no damage.
You shoot a sling bullet. The sling bullet hits Menkaure.
Menkaure is lightly damaged.
You shoot a sling bullet.
The sling bullet hits Menkaure but does no damage.
Menkaure is lightly damaged.
Menkaure calls on the powers of darkness!
Your body is wracked with pain!
You shoot a sling bullet. The sling bullet hits Menkaure!
Menkaure is moderately damaged.
Menkaure calls on the powers of darkness!
Your body is wracked with pain!
You shoot a sling bullet. The sling bullet hits Menkaure.
Menkaure is moderately damaged.
Menkaure misses you. You furiously retaliate!
You headbutt Menkaure! You shoot a sling bullet.
The sling bullet barely misses Menkaure.
Menkaure closely misses you.
You shoot a sling bullet. The sling bullet hits Menkaure.
Menkaure is severely damaged.
Menkaure mumbles some strange words.
Menkaure seems to speed up.
You shoot a sling bullet.
The sling bullet barely misses Menkaure.
Menkaure hits you!
2252 ||| READING scroll of teleportation.
As you read the scroll of teleportation, it crumbles to dust.
You feel strangely unstable.
Menkaure shouts, "You disturbed my rest!
Die!"
Menkaure calls on the powers of darkness!
Your body is wracked with pain!
You shoot a sling bullet. The sling bullet hits Menkaure.
Menkaure is almost destroyed.
Menkaure barely misses you. You furiously retaliate!
You headbutt Menkaure. Menkaure hits you!
You die...

#... .. #... ...
#....
....#..#.########
. ..#...........#
.............)<.#
....#...........#
....^..####.#####
#..@....#
#.M###..# #.%
##.# .... ###
..... .......
...#... .......


You could see Menkaure (fast).

Vanquished Creatures
  Jessica (D:2)
  2 orc wizards (D:3)
  Terence (D:3)
  6 adders
  A worm (D:2)
  5 dart slugs
  3 orcs (D:3)
  4 ball pythons
  9 bats
  6 endoplasms
  2 giant cockroaches (D:1)
  2 goblins
  8 hobgoblins
  4 quokkas
  4 frilled lizards
  5 kobolds
  6 rats
69 creatures vanquished.

Notes
Turn   | Place    | Note
-------+----------+-------------------------------------------
     0 | D:1      | qw the Minotaur Hexslinger began the quest for the Orb.
     0 | D:1      | Reached XP level 1. HP: 16/16 MP: 1/1
     0 | D:1      | 0 ||| qw: Version: 0.3-a-46-gb1f654a
     0 | D:1      | 0 ||| qw: Game counter: 1589
     0 | D:1      | 0 ||| qw: Melee chars always use a shield: true
     0 | D:1      | 0 ||| qw: God list: Okawaru
     0 | D:1      | 0 ||| qw: Allow faded altars: false
     0 | D:1      | 0 ||| qw: Do Orc after clearing Dungeon:15 true
     0 | D:1      | 0 ||| qw: Do second Lair branch before Depths: true
     0 | D:1      | 0 ||| qw: Lair rune preference: random
     0 | D:1      | 0 ||| qw: Goals: Normal
     0 | D:1      | 0 ||| PLANNING D:1-11
   141 | D:1      | Reached skill level 3 in Ranged Weapons
   141 | D:1      | Reached XP level 2. HP: 23/23 MP: 2/2
   150 | D:1      | 150 ||| FLEEEEING.
   151 | D:1      | 151 ||| FLEEEEING.
   152 | D:1      | 152 ||| FLEEEEING.
   459 | D:1      | Reached XP level 3. HP: 29/29 MP: 3/3
   490 | D:1      | 490 ||| UPGRADING to +0 ring mail.
   500 | D:1      | 500 ||| DROPPING +0 robe.
   501 | D:1      | 501 ||| UPGRADING to +2 leather armour of cold resistance.
   511 | D:1      | 511 ||| DROPPING +0 ring mail.
   512 | D:1      | 512 ||| UPGRADING to amulet of reflection.
   517 | D:1      | 517 ||| READING scroll labelled DIQAOS POCSU.
   522 | D:1      | 522 ||| DROPPING scroll of poison.
   592 | D:2      | Reached skill level 4 in Ranged Weapons
  1007 | D:2      | Noticed Jessica
  1015 | D:2      | Killed Jessica
  1016 | D:2      | Reached XP level 4. HP: 35/36 MP: 4/4
  1076 | D:2      | 1076 ||| UPGRADING to +0 pair of boots.
  1081 | D:2      | 1081 ||| READING scroll labelled FYDOIF KETIGRI.
  1082 | D:2      | 1082 ||| READING scroll labelled QEIGIKK FIRHU.
  1083 | D:2      | 1083 ||| DRINKING 2 ruby potions.
  1250 | D:3      | Noticed Terence
  1257 | D:3      | Killed Terence
  1258 | D:3      | Reached skill level 5 in Ranged Weapons
  1429 | D:3      | Reached XP level 5. HP: 42/42 MP: 5/5
  1563 | D:3      | Reached skill level 3 in Fighting
  1581 | D:3      | 1581 ||| DRINKING potion of curing.
  1581 | D:3      | 1581 ||| (to cure confusion)
  1771 | D:3      | Reached skill level 6 in Ranged Weapons
  2207 | D:3      | 2207 ||| UPGRADING to +2 hat.
  2212 | D:3      | 2212 ||| READING 2 scrolls labelled SURIOW YBBIOLY.
  2213 | D:3      | 2213 ||| READING scroll of enchant armour.
  2213 | D:3      | 2213 ||| ENCHANTING +0 pair of boots.
  2214 | D:3      | 2214 ||| DRINKING 2 black potions.
  2215 | D:3      | 2215 ||| DRINKING 2 brown potions.
  2216 | D:3      | 2216 ||| DROPPING potion of brilliance.
  2238 | D:4      | Reached skill level 1 in Armour
  2242 | D:4      | Noticed Menkaure
  2251 | D:4      | HP: 5/45 [Menkaure (9)]
  2252 | D:4      | 2252 ||| READING scroll of teleportation.
  2253 | D:4      | Slain by Menkaure

Levels and vault maps discovered:
D:1:      dpeg_arrival_houses_and_road, layout_basic, minmay_misc_feat_hallway,
          st_stairs_6, feat_on_display
D:2:      layout_basic, serial_curves, eino_curves_04, eino_curves_01,
          minmay_fountain_box, kennysheep_jessica_study
D:3:      layout_loops_corners, minmay_close_crescents, uniq_terence
D:4:      kennysheep_goblin_castle, layout_rooms,
          minmay_temple_entry_drinking_statues, uniq_natasha, uniq_robin,
          uniq_crazy_yiuf_cottage, uniq_menkaure

Skill      XL: |  1  2  3  4  5 |
---------------+----------------+-----
Ranged Weapons | 3 4 5 6 |  6.0
Fighting       | 2 3 |  3.0
Armour         | 1 |  1.2
Dodging        | |  2.1
Spellcasting   | |  1.0
Hexes          | |  2.0

Action                     |  1- 3 |  4- 6 || total
---------------------------+-------+-------++-------
   Fire: Sling             |   115 |   123 ||   238
    Use: Scroll            |     1 |     5 ||     6
         Potion            |       |     4 ||     4
 Armour: Robe              |     7 |       ||     7
         Leather armour    |     8 |    23 ||    31
  Dodge: Dodged            |    24 |    27 ||    51
  Block: Other             |     5 |     5 ||    10

Table legend:
 A = Non-vault XP
 B = Vault XP
 C = Vault XP percentage of total XP
 D = Non-vault monster count
 E = Vault monster count
 F = Vault count percentage of total count
                 A         B        C        D         E       F
            +---------+---------+-------+---------+---------+-------
      Total |     259 |      78 |  23.1 |      62 |       7 |  10.1
            +---------+---------+-------+---------+---------+-------
        D:1 |      42 |       2 |   4.5 |      22 |       1 |   4.3
        D:2 |      41 |      39 |  48.8 |      15 |       2 |  11.8
        D:3 |     160 |      37 |  18.8 |      23 |       4 |  14.8
        D:4 |      16 |       0 |   0.0 |       2 |       0 |   0.0
            +---------+---------+-------+---------+---------+-------
